Construct Section Command Post
Construct Platoon Command Post
Selects Indian Artillery Battlegroup
Selects Gurkha Rifles Section
6-pounder Anti-tank Gun Team
Construct Company Command Post
Selects Artillery Saturation
Selects Off-map Airburst Barrage
Unlock Bishop Self-propelled Artillery
Bishop Self-propelled Artillery
Bishop Self-propelled Artillery
Selects Volunteer Infantry
Selects Perimeter Monitor
Unlock M3 Grant Medium Tanks